 Dungeon Crawl Stone Soup version 0.19-a0-816-geccf914 (webtiles) character file.

21 Arkorax the Sneak (level 2, 0/42 HPs)
             Began as a Naga Monk on June 29, 2016.
             Was a Believer of Cheibriados.
             Succumbed to Ijyb's poison
             ... on level 2 of the Dungeon.
             The game lasted 00:01:54 (1204 turns).

Arkorax the Sneak (Naga Monk)                       Turns: 1204, Time: 00:01:55

Health: 0/42       AC:  2    Str: 22    XL:     2   Next: 87%
Magic:  2/2        EV: 11    Int: 14    God:    Cheibriados [**....]
Gold:   22         SH:  0    Dex: 17    Spells: 0 memorised, 1 level left

rFire  . . .     SeeInvis +       - Unarmed
rCold  . . .     Gourm    .     a - +0 robe
rNeg   . . .     Faith    .     (no shield)
rPois  +         Spirit   .     o - +0 helmet
rElec  .         Dismiss  .     (no cloak)
rCorr  .         Reflect  .     (no gloves)
SustAt .         Harm     .     (no barding)
MR     .....                    (no amulet)
Stlth  ..........               (no ring)
                                (no ring)

@: berserking, lethally poisoned (0 -> -10), short of breath, very slightly
contaminated, invisible, very slow, not resistant to hostile enchantments,
extremely unstealthy
A: see invisible, deformed body, poison resistance, slowness 2, slow metabolism
1, spit poison 2, AC +0
a: Spit Poison, Bend Time, Renounce Religion


You were on level 2 of the Dungeon.
You worshipped Cheibriados.
Cheibriados was pleased with you.
You were not hungry.

You visited 1 branch of the dungeon, and saw 2 of its levels.

You collected 22 gold pieces.

Inventory:

Armour
 a - a +0 robe (worn)
 o - a +0 helmet (worn)
Scrolls
 f - 2 scrolls of identify {unknown}
 h - a scroll of magic mapping {unknown}
 i - a scroll of amnesia {unknown}
 j - a scroll of enchant armour {unknown}
 m - a scroll of fog {unknown}
 n - a scroll of enchant weapon {unknown}
 p - a scroll of noise {unknown}
Potions
 e - a potion of invisibility
 g - a potion of curing {unknown}
 k - a potion of agility {unknown}
 l - a potion of degeneration {unknown}
Comestibles
 b - 2 bread rations
 c - a beef jerky


   Skills:
 + Level 3.0 Fighting
 - Level 2.4 Dodging
 - Level 3.7 Stealth
 * Level 3.7 Unarmed Combat
 + Level 0.0 Invocations


You had one spell level left.
You didn't know any spells.

Dungeon Overview and Level Annotations

Branches:
Dungeon (2/15)

Altars:
Cheibriados

Annotations:
D:2 Ijyb


Innate Abilities, Weirdness & Mutations

You cannot wear boots.
Your serpentine skin is tough. (AC +0)
You have supernaturally acute eyesight. (SInv)
Armour fits poorly on your strangely shaped body.
Your system is resistant to poisons. (rPois)
You cover ground very slowly.
You have a slow metabolism.
You can spit poison.


Message History

You feel sick. Ijyb hits you with a dagger of venom.
* * * LOW HITPOINT WARNING * * *
You are very lightly contaminated with residual magic.
It was a potion of berserk rage.
A red film seems to cover your vision as you go berserk!
Cheibriados protects you from inadvertent hurry.
You feel mighty!
* * * LOW HITPOINT WARNING * * *
You feel sick.
The goblin shouts!
Ijyb hits you but does no damage.
You closely miss Ijyb.
Ijyb is lightly wounded.
* * * LOW HITPOINT WARNING * * *
You feel sick. Ijyb closely misses you.
Unknown command.
You are too berserk!
You completely miss Ijyb.
Ijyb is lightly wounded.
You die...

#.........#8.....8#
##.........#......?#
#....†...###8.....8#
#........###........
#...................
#.....(...gg.#......
#...#'###.#gb..###..
#...#.#...#g##......
#.....#.###@# [####
#....##. #.# #
#....## #.# ####.#
#.# #. ?.# ###


You could see Ijyb, 3 goblins and a bat.

Vanquished Creatures
  3 bats (D:1)
  6 goblins
  A hobgoblin (D:1)
  2 jackals (D:1)
  A quokka (D:2)
  A giant newt (D:1)
  A kobold (D:2)
  4 rats
19 creatures vanquished.

Notes
Turn   | Place    | Note
--------------------------------------------------------------
     0 | D:1      | Arkorax the Naga Monk began the quest for the Orb.
     0 | D:1      | Reached XP level 1. HP: 21/21 MP: 1/1
   120 | D:1      | Reached XP level 2. HP: 26/28 MP: 2/2
   193 | D:1      | HP: 1/28 [hobgoblin/club (2)]
  1085 | D:2      | Found a snail-covered altar of Cheibriados.
  1121 | D:2      | Became a worshipper of Cheibriados the Contemplative
  1121 | D:2      | Reached * piety under Cheibriados
  1121 | D:2      | Reached ** piety under Cheibriados
  1186 | D:2      | Noticed Ijyb
  1202 | D:2      | HP: 2/42 [poisoned by Ijyb]
  1204 | D:2      | Succumbed to Ijyb's poison

Vault maps used:
D:1:      ncdulo_watergridlock, moated_statue
D:2:      kennysheep_the_goblin_king, overflow_temple_1_default, minmay_ruptured

Action                   || total
-------------------------++-------
Melee: Unarmed           ||    63
       Punch             ||     1
 Abil: Spit Poison       ||     6
  Use: Potion            ||     2
 Stab: Sleeping          ||     4
Armor: Robe              ||     7
Dodge: Dodged            ||    27
